 Dungeon Crawl Stone Soup version 0.29-a0-299-g4c793a2ed2 (webtiles) character file.

Game seed: 14014022640190663303

55 Dabor the Chopper (level 3, -7/33 HPs)
             Began as a Hill Orc Monk on Mar 24, 2022.
             Mangled by a gnoll
             ... wielding a +0 halberd
              (11 damage)
             ... on level 2 of the Dungeon.
             The game lasted 00:01:09 (1258 turns).

Dabor the Chopper (Hill Orc Monk)                   Turns: 1258, Time: 00:01:09

Health: -7/33      AC:  6    Str: 15    XL:     3   Next: 93%
Magic:  3/3        EV: 11    Int: 10    God:
Gold:   48         SH:  0    Dex: 13    Spells: 2/2 levels left

rFire   + . .      SeeInvis .   a - +0 hand axe
rCold   + . .      Faith    .   (no shield)
rNeg    . . .      Spirit   .   m - +0 ring mail
rPois   +          Reflect  .   l - +0 helmet
rElec   +          Harm     .   (no cloak)
rCorr   +          Rampage  .   (no gloves)
Will    .....                   (no boots)
Stlth   +.........              (no amulet)
HPRegen 0.11/turn               (no ring)
MPRegen 0.08/turn               (no ring)

@: resistant, attractive, hasted (expiring), very quick
A: no striking features
a: no special abilities


You were on level 2 of the Dungeon.
You visited 1 branch of the dungeon, and saw 2 of its levels.

You collected 48 gold pieces.

Inventory:

Hand Weapons
 a - a +0 hand axe (weapon)
Missiles
 n - a throwing net (quivered)
Armour
 b - a +0 robe
 g - a +0 leather armour
 l - a +0 helmet (worn)
 m - a +0 ring mail (worn)
Jewellery
 i - an amulet of magic regeneration
Scrolls
 e - 2 scrolls of identify {unknown}
 f - a scroll of teleportation {unknown}


   Skills:
 + Level 4.2 Fighting
 + Level 4.6 Axes
 + Level 2.8 Dodging
 + Level 2.2 Stealth


You had 2 spell levels left.
You didn't know any spells.
Your spell library was empty.

Dungeon Overview and Level Annotations

Branches:
Dungeon (2/15)

Altars:


Message History

* * * LOW HITPOINT WARNING * * *
You bump into the rock wall.
You closely miss the gnoll.
The gnoll is moderately wounded.
The gnoll closely misses you. The gnoll hits you with a +0 spear.
* * * LOW HITPOINT WARNING * * *
You bump into the rock wall.
The gnoll hits you from afar with a +0 halberd.
* * * LOW HITPOINT WARNING * * *
The gnoll hits you but does no damage.
You bump into the rock wall.
You bump into the rock wall.
You feel less invigorated.
You feel less confused. The gnoll barely misses you.
The gnoll closely misses you.
It was a potion of curing.
You feel better. The gnoll closely misses you. The gnoll misses you.
It was a potion of attraction.
You feel attractive to monsters.
You hit the gnoll.
The gnoll is almost dead.
The gnoll hits you from afar with a +0 halberd.
The gnoll completely misses you.
You hit the gnoll.
The gnoll is almost dead.
The gnoll barely misses you. The gnoll hits you with a +0 spear.
You barely miss the gnoll. You punch the gnoll, but do no damage.
The gnoll is almost dead.
Your extra speed is starting to run out.
The gnoll hits you with a +0 spear. The gnoll closely misses you.
You closely miss the gnoll.
The gnoll is almost dead.
You hit the gnoll.
You kill the gnoll!
The gnoll hits you from afar with a +0 halberd!
* * * LOW HITPOINT WARNING * * *
The gnoll is attracted toward you.
You hit the gnoll.
The gnoll is heavily wounded.
The gnoll hits you with a +0 halberd!
You die...

### ## #.. ....##########
#.# .............# #.#
######.#.##.######.##
#.#.##.......... #
#.#.##.........#
#..##########.#.##.######..#
.........§g@.#.....# #[)#
..........###.#.##.# #..#
.....####.# #.#.##.# #..#
... #.# #.#.##.# .... . ...
.......# #### #######.. ###
## #.


You could see a gnoll.

Vanquished Creatures
  3 gnolls (D:2)
  A ball python (D:2)
  2 endoplasms
  2 giant cockroaches
  3 goblins
  2 hobgoblins (D:1)
  A kobold (D:1)
  A quokka (D:2)
  6 bats
  3 rats
24 creatures vanquished.

Vanquished Creatures (others)
  A plant (D:2)
1 creature vanquished.

Grand Total: 25 creatures vanquished

Notes
Turn   | Place    | Note
-------+----------+-------------------------------------------
     0 | D:1      | Dabor the Hill Orc Monk began the quest for the Orb.
     0 | D:1      | Reached XP level 1. HP: 19/19 MP: 1/1
   209 | D:1      | Reached XP level 2. HP: 23/27 MP: 2/2
   665 | D:1      | Found a faded altar of an unknown god.
  1078 | D:2      | Reached XP level 3. HP: 33/33 MP: 3/3
  1258 | D:2      | Mangled by a gnoll

Illustrated notes

Levels and vault maps discovered:
D:1:      psy_arrival_dodecagon, layout_basic,
          hellmonk_ecumenical_altar_heavens_door, minmay_misc_feat_enclosed,
          corexii_corridor_pit, minmay_splitting_lines
D:2:      layout_loops_ring, basic_altar, serial_undead, serial_undead_b,
          serial_undead_f, serial_undead_b, serial_undead_f,
          serial_bayou_ford_a, kennysheep_small_spiral, uniq_robin

Skill      XL: |  1  2 |
---------------+-------+-----
Stealth        | 2 |  2.2
Fighting       | 4 |  4.2
Axes           | |  4.6
Dodging        | |  2.8

Action                   || total
-------------------------++-------
Melee: Hand axe          ||    89
       Punch             ||     2
  Use: Potion            ||     5
 Stab: Sleeping          ||     1
Armor: Leather armour    ||    15
       Robe              ||     3
       Ring mail         ||     6
Dodge: Dodged            ||    55

Table legend: (Time is in decaauts)
 A = Elapsed time spent in this place.
 B = Non-inter-level travel time spent in this place.
 C = Inter-level travel time spent in this place.
 D = Time resting spent in this place.
 E = Time spent auto-exploring this place.
 F = Levels seen in this place.
 G = Mean time per level.
                   A        B        C        D        E       F      G
               +--------+--------+--------+--------+--------+-----+--------+
         Total |   1255 |   1219 |     36 |      0 |    996 |   2 |  627.5 |
       Dungeon |   1255 |   1219 |     36 |      0 |    996 |   2 |  627.5 |
               +--------+--------+--------+--------+--------+-----+--------+

Top non-repeatable levels by time:
     D:1: 907 daAuts
     D:2: 348 daAuts
